 Dungeon Crawl Stone Soup version 0.30-a0-715-gdb4ae3ece1 (webtiles) character file.

Game seed: 332235273737006946

2028 ZeroWinrate the Magician (level 9, -1/62 (66) HPs)
             Began as a Demonspawn Hedge Wizard on Jan 22, 2023.
             Was a Follower of Vehumet.
             Slain by a hornet (7 damage)
             ... on level 6 of the Dungeon on Jan 24, 2023.
             The game lasted 00:23:44 (6398 turns).

ZeroWinrate the Magician (Demonspawn Hedge Wizard)  Turns: 6398, Time: 00:23:45

HP:   -1/62 (66)    AC:  7    Str: 12    XL:     9   Next: 3%
MP:   0/19          EV: 13    Int: 19    God:    Vehumet [*.....]
Gold: 251           SH:  0    Dex: 12    Spells: 8/21 levels left

rFire   + . .      SeeInvis .    x - +5 mace (elec)
rCold   x . .      Faith    .    (no shield)
rNeg    + . .      Spirit   +    q - +2 robe {rN+}
rPois   .          Reflect  .    c - +0 hat
rElec   .          Harm     .    B - +0 cloak
rCorr   .          Rampage  .    r - +0 pair of gloves
Will    .....                    (no boots)
Stlth   ++                       u - amulet of guardian spirit
HPRegen 0.30/turn                k - ring of fire
MPRegen 0.32/turn                (no ring)

@: on blink cooldown, slowed, drained, very slow
A: antennae 2, spiny 1, magic shield, magic regeneration, sharp scales 1
a: Renounce Religion


You were on level 6 of the Dungeon.
You worshipped Vehumet.
Vehumet was aware of your devotion.
You visited 1 branch of the dungeon, and saw 8 of its levels.

You collected 251 gold pieces.

Inventory:

Hand Weapons
 a - a +0 dagger of flaming
 x - a +5 mace of electrocution (weapon)
Armour
 c - a +0 hat (worn)
 o - a +0 buckler
 q - a +2 robe of positive energy (worn)
 r - a +0 pair of gloves (worn)
 w - the +5 scale mail "Kotesk" {rF+ Dex+3 Stlth+}
   (You found it on level 5 of the Dungeon)

   Dex:       It affects your dexterity (+3).
   rF:        It protects you from fire.
   Stlth:     It makes you more stealthy.
 B - a +0 cloak (worn)
Jewellery
 k - a ring of fire (left hand)
 u - an amulet of guardian spirit (around neck)
Wands
 n - a wand of roots (3) (quivered)
 y - a wand of charming (11)
Scrolls
 g - a scroll of fear
 l - a scroll of noise {unknown}
 m - a scroll of vulnerability
 p - a scroll of enchant armour {unknown}
 s - a scroll of brand weapon
 t - a scroll of fog
 v - a scroll of teleportation {unknown}
 z - 2 scrolls of enchant weapon {unknown}
 A - a scroll of magic mapping {unknown}
Potions
 b - a potion of mutation {unknown}
 d - 3 potions of magic
 e - a potion of flight {unknown}
 f - 3 potions of brilliance {unknown}
 h - 6 potions of lignification {unknown}
 i - 6 potions of curing {unknown}
 j - 2 potions of heal wounds {unknown}


   Skills:
 + Level 4.6 Fighting
 + Level 3.6 Dodging
 - Level 1.7 Stealth
 + Level 6.9 Spellcasting
 - Level 6.3 Conjurations
 + Level 2.0 Hexes
 - Level 3.1 Summonings
 - Level 1.4 Translocations


You had 8 spell levels left.
You knew the following spells:

 Your Spells              Type           Power      Damage    Failure   Level
a - Magic Dart            Conj           100%       1d8       1%          1
b - Blink                 Tloc           22%        N/A       9%          2
c - Call Imp              Summ           18%        N/A       4%          2
d - Tukima's Dance        Hex            14%        N/A       13%         3
e - Mephitic Cloud        Conj/Pois/Air  14%        N/A       13%         3
f - Cigotuvi's Dreadful   Necr/Pois/Air  12%        N/A       16%         2

Your spell library contained the following spells:

 Spells                   Type           Power      Damage    Failure   Level
 Shock                    Conj/Air       72%        1d7       2%          1
 Momentum Strike          Conj/Tloc      42%        3d9       3%          2
 Slow                     Hex            56%        N/A       4%          1
 Lesser Beckoning         Tloc           22%        N/A       9%          2
 Portal Projectile        Hex/Tloc       26%        N/A       16%         3
 Gell's Gravitas          Tloc           11%        N/A       17%         3
 Teleport Other           Tloc           11%        N/A       17%         3
 Blade Hands              Tmut           3%         N/A       96%         5
 Dispersal                Tloc           5%         N/A       100%        6
 Malign Gateway           Summ/Tloc      7%         N/A       100%        7
 Summon Horrible Things   Summ           9%         N/A       100%        8


Dungeon Overview and Level Annotations

Branches:
Dungeon (8/15)             Temple (0/1) D:5
   Lair: D:8-11

Altars:
Ashenzari
Kikubaaqudgha
Makhleb
Ru
Vehumet
Yredelemnul

Annotations:
D:3 2 transporters, wormed's ghost, amateur DsFE
D:4 2 transporters, Menkaure


Innate Abilities, Weirdness & Mutations

You have a pair of antennae on your head.
You are partially covered in sharp spines.
When hurt, damage is shared between your health and your magic reserves.
You regenerate magic rapidly.
You are partially covered in razor-sharp scales. (AC +1, Slay +1)


Message History

You feel as though you will be slow longer.
The hornet stings you.
* * * LOW HITPOINT WARNING * * *
You feel as though you will be slow longer.
Unknown command.
Unknown command.
Casting: Call Imp (safe; 4% risk of failure)
Confirm with . or Enter, or press ? or * to list all spells.
You blink.
Unknown command.
Unknown command.
Unknown command.
Aiming: Fastroot
Press: ? - help, Shift-Dir - straight line, f - hornet
Aim: a hornet (heavily wounded, ally target)
The roots erupt in riotous growth!
Roots grab the hornet.
Your crimson imp is unaffected.
The grasping roots constrict the hornet.
The roots release their grip on the hornet.
Your crimson imp blinks!
The hornet is struck by your spines. The hornet stings you!
* * * LOW HITPOINT WARNING * * *
You feel as though you will be slow longer.
Unknown command.
Unknown command.
Unknown command.
Unknown command.
Casting: Blink (safe; 9% risk of failure)
Confirm with . or Enter, or press ? or * to list all spells.
You are still too unstable to blink.
Unknown command.
Aiming: Fastroot
Press: ? - help, Shift-Dir - straight line, f/p - hornet
Aim: a hornet (almost dead, ally target)
The roots erupt in riotous growth!
Roots grab the hornet.
The grasping roots constrict the hornet.
The hornet stings you!
You die...

# #.. ######.############
#.# .......##..5.{....# #.#
######.##.#######.# #.# ## #
.....##.#######.# #.# #####.
##.# #.....>....#.# #.#
##...#. .#.# ####.#####.#.##
#.###.#.#.# #..# #.#
##.....####....###### .#.#
#.# #..#@#.......##.#.# .#.#
#.# #...y..##....###.## #
.#.# ####.###.#.#.###....#
#.# #
.#.###........ยง.#.###.#.##
#.# #
...................##.#.#
#.# #
.#.###.##.#.##5##..##.#.#
#.# ## .#.#
#.##..........##.#.####.###.
.#.#
#.##.#.##.###.##............
...###.##.#.##.#
###.####.#...


You could see a hornet (rooted, ally target) and a friendly crimson imp
(summoned).

Vanquished Creatures
  A water moccasin (D:7)
  2 black bears
  2 ogres (D:4)
  2 ice beasts
  A centaur (D:7)
  3 phantoms
  2 bullfrogs (D:7)
  A scorpion (D:6)
  A wight (D:5)
  2 howler monkeys (D:7)
  A crimson imp (D:7)
  2 gnoll boudas (D:7)
  An orc priest (D:7)
  2 iguanas (D:3)
  2 orc wizards
  3 adders
  7 gnolls
  An ufetubus (D:6)
  A worm (D:5)
  2 dart slugs (D:1)
  15 orcs
  5 ball pythons
  8 endoplasms
  3 giant cockroaches
  5 goblins
  3 hobgoblins
  10 kobolds
  3 quokkas
  8 bats
  6 frilled lizards
  10 rats
115 creatures vanquished.

Vanquished Creatures (collateral kills)
  An ogre (D:5)
  A phantom (D:6)
  A wight (D:6)
  2 hounds (D:5)
  3 gnolls (D:7)
  4 adders
  A worm (D:2)
  6 orcs
  A hobgoblin (D:1)
  2 kobolds
  A rat (D:1)
23 creatures vanquished.

Vanquished Creatures (others)
  2 dancing weapons
2 creatures vanquished.

Grand Total: 140 creatures vanquished

Notes
Turn   | Place    | Note
-------+----------+-------------------------------------------
     0 | D:1      | ZeroWinrate the Demonspawn Hedge Wizard began the quest for
                  | the Orb.
     0 | D:1      | Reached XP level 1. HP: 13/13 MP: 4/4
    71 | D:1      | Reached skill level 1 in Translocations
   544 | D:1      | Gained mutation: You are partially covered in sharp spines.
                  | [demonic ancestry]
   544 | D:1      | Reached XP level 2. HP: 15/19 MP: 0/6
   675 | D:1      | Learned a level 2 spell: Blink
   678 | D:1      | Learned a level 2 spell: Call Imp
   840 | D:1      | Found a faded altar of an unknown god.
  1243 | D:1      | Gained mutation: You are partially covered in razor-sharp
                  | scales. (AC +1, Slay +1) [demonic ancestry]
  1243 | D:1      | Reached XP level 3. HP: 20/24 MP: 1/7
  2377 | D:3      | Noticed wormed's ghost (amateur DsFE)
  2378 | D:3      | Found a transporter.
  2576 | D:3      | Found a transporter.
  2613 | D:3      | Gained mutation: You have a pair of small antennae on your
                  | head. [demonic ancestry]
  2613 | D:3      | Reached XP level 4. HP: 31/31 MP: 6/9
  2799 | D:3      | Reached skill level 1 in Fighting
  3124 | D:3      | Gained mutation: You have a pair of antennae on your head.
                  | [demonic ancestry]
  3124 | D:3      | Reached XP level 5. HP: 30/37 MP: 1/10
  3518 | D:4      | Noticed a black bear
  3534 | D:4      | Killed a black bear
  3541 | D:4      | Gained mutation: You regenerate magic rapidly. [demonic
                  | ancestry]
  3541 | D:4      | Reached XP level 6. HP: 43/45 MP: 1/12
  3747 | D:4      | Learned a level 3 spell: Tukima's Dance
  3751 | D:4      | Learned a level 3 spell: Mephitic Cloud
  3886 | D:4      | Found a basalt altar of Yredelemnul.
  3889 | D:4      | Noticed Menkaure
  3897 | D:4      | Found an ancient bone altar of Kikubaaqudgha.
  3899 | D:4      | Found a transporter.
  4025 | D:4      | Identified the +9 flail "Demonspawn's Doom" {heavy, Contam
                  | rN+ Int+3}
  4026 | D:4      | Found a transporter.
  4221 | D:4      | Found a broken altar of Ashenzari.
  4466 | D:5      | Entered Level 5 of the Dungeon
  4466 | D:5      | You fall into a shaft and drop 3 floors!
  4501 | D:7      | Noticed an ice beast
  4515 | D:7      | Killed an ice beast
  4516 | D:7      | Reached XP level 7. HP: 48/52 MP: 10/13
  4585 | D:7      | Reached skill level 5 in Spellcasting
  4726 | D:7      | Learned a level 2 spell: Cigotuvi's Dreadful Rot
  4912 | D:7      | Found a burning altar of Makhleb.
  4912 | D:7      | Found a radiant altar of Vehumet.
  4923 | D:7      | Reached XP level 8. HP: 58/60 MP: 16/16
  4929 | D:7      | Became a worshipper of Vehumet
  5013 | D:7      | Reached skill level 5 in Conjurations
  5013 | D:7      | Upgraded the game from 0.30-a0-711-gf4ac18a38d to
                  | 0.30-a0-715-gdb4ae3ece1
  5240 | D:6      | Found a sacrificial altar of Ru.
  5531 | D:5      | Identified the +5 scale mail "Kotesk" {rF+ Dex+3 Stlth+}
  5727 | D:5      | Reached skill level 1 in Hexes
  5969 | D:5      | Reached * piety under Vehumet
  5969 | D:5      | Offered knowledge of Shock by Vehumet.
  6087 | D:5      | Found a staircase to the Ecumenical Temple.
  6291 | D:6      | Gained mutation: When hurt, damage is shared between your
                  | health and your magic reserves. [demonic ancestry]
  6291 | D:6      | Reached XP level 9. HP: 52/62 MP: 10/19
  6392 | D:6      | Paralysed by a hornet for 3 turns
  6398 | D:6      | Slain by a hornet

Illustrated notes

Levels and vault maps discovered:
D:1:      lemuel_arrival_broad_hall, layout_loops_cross, basic_ecumenical_altar,
          roderic_serpentine_path
D:2:      layout_loops_ring, supply_closet_lemuel
D:3:      layout_basic, gammafunk_ghost_arena, st_stairs_10
D:4:      layout_cave_pools, lemuel_coloured_pillars_altar,
          gammafunk_temple_of_torment, kennysheep_generic_room_15
D:5:      layout_rooms, minmay_temple_entry_antechambers
D:6:      layout_loops_ring, nicolae_ru_the_path_less_chosen, lemuel_tele_altar,
          kennysheep_mini_moat, gammafunk_ghost_hive,
          dreamdust_princess_corridor
D:7:      layout_loops_cross, grunt_temple_overflow_lords_of_destruction,
          amethyst_killhole
D:8:      layout_basic, lair_entry_dummy

Skill      XL: |  1  2  3  4  5  6  7  8 |
---------------+-------------------------+-----
Translocations | 1 |  1.4
Conjurations   | 2 3 4 6 |  6.3
Dodging        | 2 3 |  3.6
Fighting       | 1 2 3 4 |  4.6
Spellcasting   | 4 5 6 |  6.9
Summonings     | 2 3 |  3.1
Hexes          | 2 |  2.0
Stealth        | |  1.7

Action                     |  1- 3 |  4- 6 |  7- 9 || total
---------------------------+-------+-------+-------++-------
  Melee: Dagger            |    18 |    34 |   122 ||   174
         Punch             |       |     1 |       ||     1
         Mace              |       |       |    42 ||    42
   Cast: Magic Dart        |    83 |    61 |    14 ||   158
         Call Imp          |     8 |     9 |    18 ||    35
         Blink             |       |     3 |     4 ||     7
         Mephitic Cloud    |       |       |    14 ||    14
         Tukima's Dance    |       |       |    11 ||    11
         Cigotuvi's Dreadf |       |       |     1 ||     1
  Evoke: Wand              |       |     6 |     2 ||     8
    Use: Scroll            |       |     5 |     2 ||     7
   Stab: Sleeping          |       |     1 |       ||     1
         Confused          |       |       |     6 ||     6
         Distracted        |       |       |     1 ||     1
 Armour: Robe              |     3 |    14 |    66 ||    83
  Dodge: Dodged            |    11 |    29 |   141 ||   181

Table legend: (Time is in decaauts)
 A = Elapsed time spent in this place.
 B = Non-inter-level travel time spent in this place.
 C = Inter-level travel time spent in this place.
 D = Time resting spent in this place.
 E = Time spent auto-exploring this place.
 F = Levels seen in this place.
 G = Mean time per level.
                   A        B        C        D        E       F      G
               +--------+--------+--------+--------+--------+-----+--------+
         Total |   6425 |   6203 |    222 |    939 |   3855 |   8 |  803.1 |
       Dungeon |   6425 |   6203 |    222 |    939 |   3855 |   8 |  803.1 |
               +--------+--------+--------+--------+--------+-----+--------+

Top non-repeatable levels by time:
     D:1: 1413 daAuts
     D:3: 1221 daAuts
     D:4: 1030 daAuts
     D:2: 947 daAuts
     D:5: 783 daAuts
     D:7: 691 daAuts
     D:6: 328 daAuts
     D:8: 10 daAuts
